 Dungeon Crawl Stone Soup version 0.25.1-2-g60ff931df9 (webtiles) character file.

Game seed: 8526510292410759687

117 Araneus the Poker (level 5, 0/41 HPs)
             Began as a Merfolk Fighter on Oct 14, 2020.
             Killed by divine providence
             ... invoked by an orc priest
              (9 damage)
             ... on level 3 of the Dungeon.
             The game lasted 00:03:54 (2162 turns).

Araneus the Poker (Merfolk Fighter)                 Turns: 2162, Time: 00:03:55

Health: 0/41       AC:  7    Str: 18    XL:     5   Next: 1%
Magic:  14/14      EV:  7    Int:  7    God:
Gold:   139        SH:  9    Dex: 13    Spells: 4/4 levels left

rFire    . . .     SeeInvis .   a - +0 trident
rCold    . . .     Gourm    .   c - +0 kite shield
rNeg     . . .     Faith    .   b - +0 scale mail
rPois    .         Spirit   .   (no helmet)
rElec    .         Reflect  .   i - +0 cloak
rCorr    .         Harm     .   (no gloves)
MR       .....                  (no boots)
Stlth    ..........             (no amulet)
HPRegen  0.13/turn              t - ring of magical power
MPRegen  0.14/turn              h - ring of flight

@: no status effects
A: change form in water, swift swim, stealthy swim
a: Evoke Flight


You were on level 3 of the Dungeon.
You were not hungry.

You visited 1 branch of the dungeon, and saw 3 of its levels.

You collected 139 gold pieces.

Inventory:

Hand Weapons
 a - a +0 trident (weapon)
Armour
 b - a +0 scale mail (worn)
 c - a +0 kite shield (worn)
 i - a +0 cloak (worn)
Jewellery
 e - an uncursed ring of magical power
 h - a ring of flight (right hand)
 t - a ring of magical power (left hand)
 v - an uncursed amulet of guardian spirit {unknown}
Scrolls
 g - a scroll of remove curse {unknown}
 j - a scroll of enchant weapon {unknown}
 k - 4 scrolls of amnesia {unknown}
 o - a scroll of enchant armour {unknown}
 p - a scroll of fear {unknown}
 s - 2 scrolls of teleportation {unknown}
 u - a scroll of identify {unknown}
Potions
 d - a potion of might
 l - a potion of stabbing {unknown}
 m - a potion of mutation {unknown}
 n - 2 potions of curing {unknown}
 q - a potion of resistance {unknown}
Comestibles
 f - 2 rations


   Skills:
 - Level 3.2 Fighting
 + Level 5.7 Polearms
 - Level 2.1 Armour
 + Level 4.3 Shields


You had 4 spell levels left.
You didn't know any spells.
Your spell library contained the following spells:

 Spells                   Type           Power        Failure   Level  Hunger
 Animate Skeleton         Necr           N/A          99%         1    ##.....
 Apportation              Tloc           #.....       99%         1    ##.....
 Corona                   Hex            #......      99%         1    ##.....
 Summon Small Mammal      Summ           #...         99%         1    ##.....


Dungeon Overview and Level Annotations

Branches:
Dungeon (3/15)

Altars:
Ru


Message History

The orc priest mumbles some strange prayers to Beogh against you.
Beogh smites you!
Found a stone staircase leading up.
Your shield and scale mail prevent you from hitting the orc priest.
The orc priest invokes the aid of Beogh against you.
Beogh smites you!
* * * LOW HITPOINT WARNING * * *
You block the kobold's attack.
You closely miss the orc. The orc closely misses you.
You puncture the orc!
You kill the orc!
The orc priest looks satisfied for a moment.
The orc priest hits you with a +0 club.
* * * LOW HITPOINT WARNING * * *
The kobold hits you but does no damage.
You see here a +0 flail.
You closely miss the orc priest.
The orc priest invokes the aid of Beogh against you.
Beogh smites you!
You die...

#..# ##### # ######<.#
..... ...# ........#
####.#.####.##
........#
#..#.#....#.##
........#
#....#.#..#.## #.....#
#...)#.#..#.##
###....o# #).....#.##
......Ko# #[#.#..#.##
###...#@# ...#.#......
#.. #.#.######.##.#.#.
#. #.#........##.#.#.
# #.######....#...#.
###### #.# #.......##.
#....#
#####.######....##.#.#
#....#
#...............##...#
#....#
#.##.......###########
#....#
#.#...................


You could see an orc priest, an orc and a kobold.

Vanquished Creatures
  Jessica (D:2)
  3 adders
  2 oozes
  2 worms (D:2)
  2 dart slugs (D:2)
  A leopard gecko (D:1)
  2 orcs (D:3)
  A giant cockroach (D:2)
  3 goblins
  6 hobgoblins
  4 quokkas
  8 bats
  3 frilled lizards
  4 kobolds
  A rat (D:1)
43 creatures vanquished.

Notes
Turn   | Place    | Note
-------+----------+-------------------------------------------
     0 | D:1      | Araneus the Merfolk Fighter began the quest for the Orb.
     0 | D:1      | Reached XP level 1. HP: 18/18 MP: 1/1
   283 | D:1      | Reached XP level 2. HP: 24/24 MP: 2/2
   750 | D:2      | Reached skill level 4 in Polearms
   750 | D:2      | Reached XP level 3. HP: 29/29 MP: 3/3
   756 | D:2      | Noticed Jessica
   762 | D:2      | Killed Jessica
   910 | D:2      | Reached XP level 4. HP: 35/35 MP: 4/4
  1039 | D:2      | Reached skill level 5 in Polearms
  1129 | D:2      | Found a sacrificial altar of Ru.
  1973 | D:3      | Reached XP level 5. HP: 30/41 MP: 5/5
  2162 | D:3      | Killed from afar by an orc priest

Illustrated notes

Levels and vault maps discovered:
D:1:      dpeg_arrival_radiant, layout_loops_cross, minmay_misc_feat_doors
D:2:      layout_loops_ring, lemuel_coloured_pillars_altar, nrook_campfire,
          uniq_jessica
D:3:      layout_basic, first_ration

Skill      XL: |  1  2  3  4 |
---------------+-------------+-----
Polearms       | 4 5 |  5.7
Shields        | 4 |  4.3
Fighting       | |  3.2
Armour         | |  2.1

Action                   |  1- 3 |  4- 6 || total
-------------------------+-------+-------++-------
Melee: Trident           |    85 |   105 ||   190
  Eat: Chunk             |       |     4 ||     4
Armor: Scale mail        |    27 |    36 ||    63
Dodge: Dodged            |    31 |    27 ||    58
Block: Kite shield       |    28 |    53 ||    81
